AoeStats
← ikbendom

Arabia

510116580Analyzed
1v1 RM · 3d ago on Sep 29, 2026· 49m 33s· 2 players
Game mode
Random Map
Map size
Tiny (2 player)
Population
200
Speed
Normal
Resources
Standard
Victory
Conquest
Starting age
Dark Age
Ending age
Imperial Age
RankedLock teamsTeams togetherTeam positionsShared explorationLock speedFull tech treeHidden civsTurbo modeCheats
Victory
Defeat
🇦🇷 Hindustanis · Argentina
893
+15
🇳🇱 Khmer · Netherlands
871
-32
ikbendom
10:06 Feudal Age
10:20 Loom
11:31 Wheelbarrow
11:00 Double-Bit Axe
13:27 Horse Collar
13:54 Gold Mining
20:40 Castle Age
19:12 Stone Mining
21:23 Crossbowman
21:59 Fletching
22:11 Padded Archer Armor
30:11 Hand Cart
30:13 Bodkin Arrow
30:30 Forging
31:58 Bloodlines
32:17 Husbandry
33:03 Scale Barding Armor
35:00 Bow Saw
34:59 Heavy Plow
35:48 Chain Barding Armor
36:04 Iron Casting
35:49 Leather Archer Armor
42:54 Imperial Age
41:24 Scale Mail Armor
41:52 Pikeman
43:38 Chain Mail Armor
43:28 Halberdier
44:11 Elite Ballista Elephant
46:17 Elite Battle Elephant
CarloMagno
1:16 Loom
9:34 Feudal Age
10:16 Double-Bit Axe
10:14 Horse Collar
15:42 Wheelbarrow
14:52 Town Watch
16:29 Gold Mining
20:11 Castle Age
19:45 Bloodlines
20:36 Light Cavalry
21:17 Husbandry
21:38 Hand Cart
25:11 Bow Saw
25:35 Forging
26:10 Sanctity
26:01 Fervor
26:47 Gold Shaft Mining
26:48 Scale Barding Armor
27:01 Heavy Plow
32:56 Imperial Age
31:51 Iron Casting
31:38 Chain Barding Armor
31:10 Fletching
31:25 Guard Tower
31:56 Murder Holes
33:38 Stone Mining
35:02 Two-Man Saw
34:07 Heavy Camel Rider
35:04 Bodkin Arrow
36:48 Blast Furnace
35:42 Hussar
38:41 Imperial Camel Rider
40:15 Plate Barding Armor
41:48 Conscription
42:04 Hoardings
42:28 Bracer
43:11 Grand Trunk Road
43:47 Masonry
43:58 Ballistics
47:00 Stone Shaft Mining
48:15 Chemistry
47:43 Block Printing
Connection lost

Rejoining the realm…

Still unreachable

The connection could not be restored.

Session expired

The server has moved on; the page needs a fresh start.